 Dungeon Crawl Stone Soup version 0.24-a0-539-g6aae15eeb0 (webtiles) character file.

Game seed: 7160177828529588033

170 DasRunzen the Covered (level 5, 0/70 HPs)
             Began as a Minotaur Fighter on Aug 17, 2019.
             Succumbed to a kobold's poison
             ... on level 3 of the Dungeon.
             The game lasted 00:03:22 (1668 turns).

DasRunzen the Covered (Minotaur Fighter)            Turns: 1668, Time: 00:03:23

Health: 0/70       AC:  8    Str: 25    XL:     5   Next: 26%
Magic:  13/13      EV:  7    Int:  5    God:
Gold:   135        SH:  0    Dex: 11    Spells: 4/4 levels left

rFire    . . .     SeeInvis .   a - +0 war axe
rCold    . . .     Gourm    .   c - +0 shield
rNeg     + . .     Faith    .   b - +0 scale mail
rPois    .         Spirit   .   (helmet restricted)
rElec    .         Reflect  .   (no cloak)
rCorr    .         Harm     .   (no gloves)
MR       .....                  h - +0 pair of boots
Stlth    ..........             (no amulet)
HPRegen  0.21/turn              e - ring of positive energy
MPRegen  0.13/turn              i - ring of magical power

@: confused, berserking, lethally poisoned (0 -> -2), very quick
A: retaliatory headbutt, horns 2
a: no special abilities


You were on level 3 of the Dungeon.
You were hungry.

You visited 1 branch of the dungeon, and saw 3 of its levels.

You collected 135 gold pieces.

Inventory:

Hand Weapons
 a - a +0 war axe (weapon)
Armour
 b - a +0 scale mail (worn)
 c - a +0 shield (worn)
 h - a +0 pair of boots (worn)
Jewellery
 e - a ring of positive energy (left hand)
 i - a ring of magical power (right hand)
Scrolls
 j - a scroll of enchant armour {unknown}
 k - a scroll of teleportation
 n - a scroll of immolation {unknown}
 o - a scroll of identify {unknown}
 p - a scroll of fog {unknown}
Potions
 d - a potion of might
 l - a potion of mutation {unknown}
 m - a potion of cancellation {unknown}
Comestibles
 f - 4 rations


   Skills:
 + Level 4.8 Fighting
 + Level 3.8 Axes
 + Level 4.8 Armour
 + Level 4.7 Shields


You had 4 spell levels left.
You didn't know any spells.
Your spell library was empty.

Dungeon Overview and Level Annotations

Branches:
Dungeon (3/15)

Altars:
Makhleb

Annotations:
D:3 Ijyb


Innate Abilities, Weirdness & Mutations

You reflexively headbutt those who attack you in melee.
You have a pair of horns on your head.


Message History

Something hits you.
* * * LOW HITPOINT WARNING * * *
The orc hits you but does no damage. The orc priest hits you with a +0 club.
* * * LOW HITPOINT WARNING * * *
Unknown command.
You bump into the rock wall.
The orc hits you but does no damage. Something hits you but does no damage.
The orc priest hits you with a +0 club.
* * * LOW HITPOINT WARNING * * *
Unknown command.
It was a potion of berserk rage.
A red film seems to cover your vision as you go berserk!
You feel yourself moving faster!
You feel mighty!
You hear a zap.
Something tries to affect you, but you resist.
The orc hits you but does no damage. The orc priest hits you with a +0 club.
* * * LOW HITPOINT WARNING * * *
You are too berserk!
You closely miss the orc priest. You hit the orc.
You completely miss something.
You die...

..# ..# ..# ..# #########
..# #........
..######.#######
##)......).##
###(o.#######.######
o.####.†@#...............
.......o## #######.######
###.###(# ### # #.# #.#
### #.# ##.. #.# ##...
##.# ##.).. ####..# #####
#...#.


You could see an orc priest and an orc.

Vanquished Creatures
  A centaur zombie (D:2)
  An orc priest (D:3)
  4 adders (D:3)
  2 worms (D:2)
  A dart slug (D:2)
  5 orcs (D:3)
  8 bats
  5 giant cockroaches
  6 hobgoblins
  2 jackals (D:1)
  A quokka (D:2)
  5 frilled lizards
  5 goblins
  A jackal skeleton (D:2)
  9 kobolds
  9 rats
65 creatures vanquished.

Notes
Turn   | Place    | Note
-------+----------+-------------------------------------------
     0 | D:1      | DasRunzen the Minotaur Fighter began the quest for the Orb.
     0 | D:1      | Reached XP level 1. HP: 19/19 MP: 0/0
    41 | D:1      | Reached XP level 2. HP: 18/27 MP: 1/1
   529 | D:2      | Reached XP level 3. HP: 26/33 MP: 2/2
   660 | D:2      | Reached XP level 4. HP: 40/41 MP: 3/3
  1485 | D:3      | Found a burning altar of Makhleb.
  1495 | D:3      | Reached XP level 5. HP: 24/47 MP: 4/4
  1646 | D:3      | Noticed Ijyb
  1667 | D:3      | HP: 1/70 [orc priest/+0 club (4)]
  1668 | D:3      | Succumbed to a kobold's poison

Levels and vault maps discovered:
D:1:      dpeg_arrival_rhombus, layout_rooms, roderic_roman_lattice,
          minmay_vboxes
D:2:      layout_basic, first_ration
D:3:      layout_loops_ring, nicolae_overflow_crystal_walls,
          kennysheep_slug_shrine, minmay_misc_feat_iff,
          minmay_misc_feat_columns, uniq_ijyb

Skill      XL: |  1  2 |
---------------+-------+-----
Armour         | 4 |  4.8
Fighting       | 4 |  4.8
Shields        | 4 |  4.7
Axes           | 3 |  3.8

Action                   |  1- 3 |  4- 6 || total
-------------------------+-------+-------++-------
Melee: War axe           |    70 |    95 ||   165
       Headbutt          |     6 |     9 ||    15
  Use: Scroll            |     2 |     3 ||     5
       Potion            |       |     1 ||     1
  Eat: Chunk             |       |     2 ||     2
Armor: Scale mail        |    38 |    68 ||   106
Dodge: Dodged            |    29 |    33 ||    62
Block: Shield            |    49 |    54 ||   103

Table legend:
 A = Non-vault XP
 B = Vault XP
 C = Vault XP percentage of total XP
 D = Non-vault monster count
 E = Vault monster count
 F = Vault count percentage of total count
                 A         B        C        D         E       F
            +---------+---------+-------+---------+---------+-------
      Total |     236 |       8 |   3.3 |      59 |       6 |   9.2
            +---------+---------+-------+---------+---------+-------
        D:1 |      31 |       8 |  20.5 |      22 |       6 |  21.4
        D:2 |      85 |       0 |   0.0 |      21 |       0 |   0.0
        D:3 |     120 |       0 |   0.0 |      16 |       0 |   0.0
            +---------+---------+-------+---------+---------+-------
